 Dungeon Crawl Stone Soup version 0.31-a0-1620-gcbf77bbcfc (webtiles) character file.

Game seed: 23422323972319089

8412 James the Slicer (level 11, 0/52 HPs)
             Began as a Vine Stalker Fighter on Jan 11, 2024.
             Was a High Priest of Uskayaw.
             Slain by a death yak simulacrum (11 damage)
             ... in a Gauntlet.
             The game lasted 00:34:25 (9087 turns).

James the Slicer (Vine Stalker Fighter)             Turns: 9087, Time: 00:34:25

Health: 0/52       AC: 18    Str: 18    XL:     11   Next: 30%
Magic:  0/18       EV: 17    Int:  8    God:    Uskayaw [*****.]
Gold:   220        SH:  7    Dex: 19    Spells: 10/10 levels left

rFire   . . .        a - +3 rapier
rCold   . . .        c - +1 buckler
rNeg    + + .        g - +6 ring mail "Queh" {rN+}
rPois   +            (no helmet)
rElec   .            Z - +2 cloak "Hixyff" {rPois rCorr}
rCorr   +            Q - +2 pair of gloves
SInv    .            (no boots)
Will    +....        h - amulet of the acrobat
Stlth   +++          p - ring of positive energy
HPRegen 1.08/turn    q - +5 ring of evasion
MPRegen 0.16/turn

%: no teleportation, acrobat, guardian spirit
@: mighty
A: fangs 3, regeneration 1, magic shield, antimagic bite, no potion heal 2
a: Renounce Religion, Stomp, Line Pass, Grand Finale


You were in a Gauntlet.
You worshipped Uskayaw.
Uskayaw was aware of your devotion.
You visited 2 branches of the dungeon, and saw 12 of its levels.
You also visited: Gauntlet.

You collected 797 gold pieces.
You spent 577 gold pieces at shops.

Inventory:

Hand Weapons
 a - a +3 rapier (weapon)
 b - a +3 sling of flaming
   (You took it off Joseph on level 7 of the Dungeon)
 l - a +2 dagger of venom
   (You took it off a kobold on level 7 of the Dungeon)
 r - the +2 dagger of Zaum {freeze, *Slow rN+ Int+2}
   (You found it on level 8 of the Dungeon)

   Int+2:     It affects your intelligence (+2).
   rN+:       It protects you from negative energy.
   *Slow:     It may slow you when you take damage.
 D - a +0 scimitar
   (You took it off a wight on level 8 of the Dungeon)
 L - the +0 trident "Reiwiudgh" {flame, Int+4 Dex+3}
   (You found it on level 8 of the Dungeon)

   Int+4:     It affects your intelligence (+4).
   Dex+3:     It affects your dexterity (+3).
Missiles
 k - 8 poisoned darts (quivered)
 n - a throwing net {!f}
 w - 2 curare-tipped darts {!f}
 T - 9 boomerangs
Armour
 c - a +1 buckler (worn)
 g - the +6 ring mail "Queh" (worn) {rN+}
   (You acquired it in a Gauntlet)

   rN+:       It protects you from negative energy.
 J - a +0 troll leather armour
   (You found it on level 10 of the Dungeon)
 O - a +2 leather armour of fire resistance
   (You took it off an orc on level 4 of the Dungeon)
 Q - a +2 pair of gloves (worn)
   (You bought it in a shop on level 6 of the Dungeon)
 Z - the +2 cloak "Hixyff" (worn) {rPois rCorr}
   (You bought it in a shop on level 6 of the Dungeon)

   rPois:     It protects you from poison rCorr: It protects you from acid and
   corrosion.
Magical Staves
 z - a staff of cold
   (You found it on level 4 of the Dungeon)
Jewellery
 e - an amulet of magic regeneration
   (You found it on level 4 of the Dungeon)
 h - an amulet of the acrobat (around neck)
   (You found it on level 4 of the Dungeon)
 p - a ring of positive energy (left hand)
   (You found it on level 2 of the Dungeon)
 q - a +5 ring of evasion (right hand)
   (You found it on level 2 of the Dungeon)
 u - a ring of resist corrosion
   (You found it on level 2 of the Dungeon)
Wands
 d - a wand of iceblast (5)
   (You found it on level 10 of the Dungeon)
 t - a wand of flame (11)
   (You found it on level 9 of the Dungeon)
 E - a wand of charming (8)
   (You took it off Maurice on level 8 of the Dungeon)
 R - a wand of polymorph (5)
   (You found it on level 5 of the Dungeon)
Scrolls
 m - 5 scrolls of teleportation {@r4}
 y - 3 scrolls of enchant armour
 C - 7 scrolls of vulnerability {!r}
 H - 4 scrolls of blinking
 U - 3 scrolls of revelation
Potions
 i - 2 potions of brilliance
 j - 2 potions of attraction {unknown}
 s - 8 potions of curing {@q1}
 v - a potion of haste {unknown}
 F - a potion of enlightenment {unknown}
 G - a potion of magic {unknown}
 N - 5 potions of might
Miscellaneous
 f - a lightning rod (4/4) {!a}
   (You found it on level 9 of the Dungeon)


   Skills:
 + Level 3.4 Fighting
 * Level 11.5 Short Blades
 + Level 3.3 Armour
 + Level 3.3 Dodging
 + Level 7.6 Stealth
 + Level 4.3 Shields
 - Level 8.0 Invocations


You had 10 spell levels left.
You didn't know any spells.
Your spell library contained the following spells:

 Spells                   Type           Power      Damage    Failure   Level
 Necrotise                Necr           0%         1d4       67%         1
 Call Imp                 Summ           0%         N/A       82%         2
 Lesser Beckoning         Tloc           0%         N/A       82%         2
 Sublimation of Blood     Necr           0%         N/A       82%         2
 Gell's Gravitas          Tloc           0%         N/A       96%         3
 Hailstorm                Conj/Ice       0%         3d5       96%         3
 Ozocubu's Armour         Ice            0%         N/A       96%         3
 Summon Ice Beast         Ice/Summ       0%         N/A       96%         3
 Teleport Other           Tloc           0%         N/A       96%         3
 Vampiric Draining        Necr           0%         2d6       96%         3
 Martyr's Knell           Necr/Summ      0%         N/A       100%        4
 Curse of Agony           Necr           0%         N/A       100%        5
 Metabolic Englaciation   Hex/Ice        0%         N/A       100%        5
 Sculpt Simulacrum        Ice/Alch       0%         N/A       100%        6
 Summon Hydra             Summ           0%         N/A       100%        7


Dungeon Overview and Level Annotations

Branches:
Dungeon (11/15)            Temple (1/1) D:7             Orc (0/2) D:10
Gauntlet (1/1)
   Lair: D:8-11

Altars:
Ashenzari
Cheibriados
Dithmenos
Elyvilon
Fedhas
Gozag
Hepliaklqana
Kikubaaqudgha
Makhleb
Nemelex Xobeh
Okawaru
Qazlal
Ru
Sif Muna
Trog
Uskayaw
Vehumet
Wu Jian
Xom
Yredelemnul
Zin
The Shining One

Shops:
D:6 [![=   D:8 *

Annotations:
Temple 2 transporters Gauntlet 11 transporters


Innate Abilities, Weirdness & Mutations

You have razor-sharp teeth.
Your natural rate of healing is unusually fast.
When hurt, damage is shared between your health and your magic reserves.
Your bite disrupts and absorbs the magic of your enemies.
Potions cannot restore your health.


Message History

Aim: a death yak (lightly wounded, soul bound)
The mass of ice explodes!
The iceblast engulfs the death yak!!
The iceblast engulfs the necromancer!!
You can now pass through a line of other dancers.
Press: ? - help, Shift-Dir - straight line, f/p - death yak
Aim: a death yak (moderately wounded, soul bound)
The mass of ice explodes!
The iceblast engulfs the death yak!
The iceblast engulfs the necromancer!
You kill the necromancer!
Uskayaw will force your foes to helplessly watch your dance.
Uskayaw prepares the audience for your solo!
The helpless death yak fails to defend itself.
You spit the death yak like a pig!!!!
You kill the death yak!
A freezing mist starts to gather...
A death yak simulacrum comes into view.
The death yak is no longer paralysed. x2
Uskayaw will force your foes to share their pain.
Uskayaw links your audience in an emotional bond!
You hit the death yak simulacrum. You bite the death yak simulacrum!
You drain its power. You hit the death yak. You bite the death yak!
You drain its power.
The death yak simulacrum gores you but does no damage.
The death yak gores you!
You hit the death yak.
The death yak simulacrum is no longer sharing its pain.
You hit the death yak. You block the death yak's attack.
The death yak simulacrum closely misses you.
You barely miss the death yak. Your bite misses the death yak.
The death yak gores you.
You puncture the death yak! You bite the death yak!! You drain its power.
You feel invigorated. The death yak simulacrum gores you.
The death yak simulacrum freezes you!!
* * * LOW HITPOINT WARNING * * *
You can now merge with and destroy a victim.
You hit the death yak. Your bite misses the death yak.
The death yak is no longer sharing its pain. x2
The death yak gores you!
* * * LOW HITPOINT WARNING * * *
You hit the death yak. You bite the death yak.
You kill the death yak!
A freezing mist starts to gather...
A death yak simulacrum comes into view.
You block the death yak simulacrum's attack.
Unknown command.
You hit the death yak simulacrum. You bite the death yak simulacrum!
You drain its power.
You feel invigorated. The death yak simulacrum gores you!
* * * LOW HITPOINT WARNING * * *
The death yak simulacrum freezes you!!
You die...

#8#≈.............≈.........
###..###########...########
#..#......YY.#...#99..99.
###..#.##..^##.#...#9#.#.#.
#8#..#..##.##^=#####..#.#.#
###..#..)#Z#..?#...#.#.#.#.
#.§#...YY#..©#©.©#..#.©.#
###..#...#Y#..}#...#.#.#.#.
#8#..#..##@##.$#####..#.#.#
###..#.##^.Z##.#...#Y#.#.#.
#..#........Y#.8.#999....
###..###########...########
#8#........................
###≈.......................
#########################
#8# #8# #8# #8# #8# #8# ###
### ### ### ### ###


You could see 3 death yaks and 2 death yak simulacra.

Vanquished Creatures
  2 death yaks (Gauntlet)
  A necromancer (Gauntlet)
  Maurice (D:8)
  Joseph (D:7)
  A troll (D:10)
  A hornet (D:10)
  Prince Ribbit (D:8)
  Grinder (D:5)
  A shadow (D:10)
  A wyvern (D:8)
  Eustachio (D:5)
  A wraith (D:10)
  A steam dragon (D:10)
  4 vampire mosquitoes (D:10)
  3 water moccasins
  Duvessa (D:7)
  A sky beast (D:8)
  2 ogres (D:6)
  5 orc warriors
  An ice beast (D:5)
  A swamp drake (D:10)
  3 black bears
  3 centaurs
  2 phantoms
  3 kobold brigands
  Blork the orc (D:4)
  3 bullfrogs
  3 wights (D:8)
  Dowan (D:7)
  15 killer bees
  A howler monkey (D:6)
  A gnoll bouda (D:6)
  2 jellies
  A sleepcap (D:6)
  4 hounds (D:5)
  7 orc priests
  Jessica (D:3)
  2 iguanas
  3 orc wizards
  3 gnolls
  7 adders
  2 shadow imps
  3 white imps
  2 ufetubi (D:6)
  2 dart slugs
  A ribbon worm (D:2)
  32 orcs
  8 ball pythons
  9 bats
  7 endoplasms
  2 giant cockroaches
  2 goblins (D:1)
  5 hobgoblins
  9 jackals
  23 kobolds
  2 quokkas
  4 frilled lizards
  4 rats
215 creatures vanquished.

Notes
Turn   | Place    | Note
-------+----------+-------------------------------------------
     0 | D:1      | James the Vine Stalker Fighter began the quest for the Orb.
     0 | D:1      | Reached XP level 1. HP: 11/11 MP: 2/2
    51 | D:1      | Reached skill level 2 in Short Blades
   108 | D:1      | Reached XP level 2. HP: 16/16 MP: 1/3
   357 | D:1      | Reached skill level 3 in Short Blades
   385 | D:1      | Reached XP level 3. HP: 19/19 MP: 4/4
   775 | D:2      | Found a radiant altar of Vehumet.
  1203 | D:3      | Noticed a black bear
  1225 | D:2      | Killed a black bear
  1226 | D:2      | Reached skill level 4 in Short Blades
  1226 | D:2      | Reached XP level 4. HP: 14/23 MP: 2/5
  1226 | D:2      | Reached XP level 5. HP: 17/27 MP: 2/6
  1306 | D:3      | Noticed Jessica
  1316 | D:3      | Killed Jessica
  1317 | D:3      | Reached skill level 5 in Short Blades
  1916 | D:4      | Noticed Blork the orc
  2144 | D:4      | Found a shimmering altar of Xom.
  2673 | D:4      | Killed Blork the orc
  2674 | D:4      | Reached skill level 1 in Dodging
  2674 | D:4      | Reached XP level 6. HP: 14/32 MP: 3/7
  2756 | D:5      | Entered Level 5 of the Dungeon
  2778 | D:5      | Noticed Eustachio
  2792 | D:5      | Killed Eustachio
  2855 | D:5      | Reached XP level 7. HP: 31/36 MP: 8/8
  3083 | D:5      | Noticed Grinder
  3191 | D:5      | Found a hazy altar of Hepliaklqana.
  3303 | D:5      | Reached skill level 5 in Stealth
  3793 | D:6      | Reached skill level 6 in Short Blades
  3793 | D:6      | Gained mutation: You have razor-sharp teeth. [Vine Stalker
                  | growth]
  3793 | D:6      | Reached XP level 8. HP: 40/40 MP: 7/9
  4047 | D:6      | Found Xoko's Jewellery Shop.
  4053 | D:6      | Found Zoqafag's Distillery.
  4054 | D:6      | Found Facveh's Antique Armour Shop.
  4064 | D:6      | Found Kyummij's Armour Shop.
  4265 | D:6      | Reached skill level 7 in Short Blades
  5226 | D:7      | Reached skill level 8 in Short Blades
  5324 | D:6      | Bought the +2 cloak "Hixyff" {rPois rCorr} for 375 gold
                  | pieces
  5401 | D:7      | Found a staircase to the Ecumenical Temple.
  5410 | Temple   | Found a transporter.
  5410 | Temple   | Found a transporter.
  5410 | Temple   | Found a transporter.
  5410 | Temple   | Found a transporter.
  5410 | Temple   | Entered the Ecumenical Temple
  5423 | Temple   | Became a worshipper of Uskayaw the Reveller
  5614 | D:7      | Reached * piety under Uskayaw
  5622 | D:7      | Noticed Duvessa
  5624 | D:7      | Noticed Dowan
  5631 | D:7      | Reached ** piety under Uskayaw
  5632 | D:7      | Reached XP level 9. HP: 41/44 MP: 10/10
  5637 | D:7      | Reached *** piety under Uskayaw
  5639 | D:7      | Killed Duvessa
  5642 | D:7      | Reached **** piety under Uskayaw
  5647 | D:7      | Killed Dowan
  5647 | D:7      | Reached ***** piety under Uskayaw
  5860 | D:7      | Noticed Joseph
  5873 | D:7      | Killed Joseph
  5874 | D:7      | Reached skill level 9 in Short Blades
  6068 | D:8      | Reached skill level 1 in Invocations
  6175 | D:8      | Reached skill level 10 in Short Blades
  6332 | D:8      | Noticed Prince Ribbit
  6352 | D:8      | Killed Prince Ribbit
  6353 | D:8      | Reached XP level 10. HP: 15/49 MP: 4/14
  6439 | D:8      | Found Jabipeen's Serpentskin Sales.
  6460 | D:8      | Found a snail-covered altar of Cheibriados.
  6504 | D:8      | Found an iron altar of Okawaru.
  6504 | D:8      | Found a basalt altar of Yredelemnul.
  6505 | D:8      | Found a shimmering blue altar of Sif Muna.
  6659 | D:8      | Identified the +2 dagger of Zaum {freeze, *Slow rN+ Int+2}
  6836 | D:8      | Noticed Maurice
  6838 | D:8      | Killed Maurice
  6839 | D:8      | Reached skill level 5 in Invocations
  6874 | D:8      | Identified the +0 trident "Reiwiudgh" {flame, Int+4 Dex+3}
  7063 | D:5      | Killed Grinder
  7145 | D:6      | Bought a pair of glowing gloves for 202 gold pieces
  7865 | D:10     | Entered Level 10 of the Dungeon
  8032 | D:10     | Found a stormy altar of Qazlal.
  8186 | D:10     | Reached skill level 11 in Short Blades
  8271 | D:10     | Reached XP level 11. HP: 49/52 MP: 15/18
  8290 | D:10     | Reached ****** piety under Uskayaw
  8693 | D:10     | Found a staircase to the Orcish Mines.
  8806 | D:11     | Found a gate leading to a gauntlet.
  8837 | Gauntlet | Entered a Gauntlet
  8837 | Gauntlet | Noticed a tengu warrior
  8837 | Gauntlet | Noticed a death yak
  8837 | Gauntlet | Noticed a death yak
  8837 | Gauntlet | Found a transporter.
  8837 | Gauntlet | Found a transporter.
  8837 | Gauntlet | Found a transporter.
  8839 | Gauntlet | Noticed a death yak
  8840 | Gauntlet | Noticed a death yak
  8841 | Gauntlet | Noticed a death yak
  8844 | Gauntlet | Noticed a necromancer
  8845 | Gauntlet | Noticed a catoblepas
  8852 | Gauntlet | Found a transporter.
  8860 | Gauntlet | Found a transporter.
  8879 | Gauntlet | Found a transporter.
  8900 | Gauntlet | Found a transporter.
  8925 | Gauntlet | Found a transporter.
  8943 | Gauntlet | Found a transporter.
  8984 | Gauntlet | Found a transporter.
  8986 | Gauntlet | Found a transporter.
  8994 | Gauntlet | Found a transporter.
  9045 | Gauntlet | Identified a scroll of acquirement
  9045 | Gauntlet | Acquired the +6 ring mail "Queh" {rN+}
  9077 | Gauntlet | Killed a necromancer
  9078 | Gauntlet | Killed a death yak
  9086 | Gauntlet | Killed a death yak
  9087 | Gauntlet | Slain by a death yak simulacrum

Illustrated notes

Levels and vault maps discovered:
D:1:      lightli_arrival_statuegarden, layout_rooms
D:2:      layout_basic, basic_altar
D:3:      layout_loops_ring, minivault_23, minmay_misc_feat_more_columns,
          uniq_jessica
D:4:      layout_loops_ring, kennysheep_little_box, uniq_blork_the_orc
D:5:      layout_loops_ring, nicolae_overflow_hidden_temple,
          kennysheep_generic_room_9, uniq_grinder, uniq_eustachio
D:6:      layout_basic, minmay_shop_grid_forest
D:7:      layout_loops_corners, minmay_temple_entry_poolview,
          minmay_misc_feat_room, amcnicky_mini_rare_corridor_liquid, hex_medium,
          uniq_duvessa, uniq_joseph
D:8:      layout_basic, mainiacjoe_overflow_alcove_4,
          gammafunk_temple_overflow_claw, guppyfry_shop_venom, uniq_maurice,
          uniq_prince_ribbit1
D:9:      layout_loops_cross
D:10:     layout_loops_cross, pf_just_have_faith, erik_orc_1,
          minmay_curled_crystal
D:11:     layout_roguey, dpeg_lair_monsters, gauntlet_entry_generic,
          serial_shops, nicolae_shop_statue_plus, nicolae_shop_statue_plus
Temple:   hellmonk_temple_divided_pantheon
Gauntlet: gammafunk_gauntlet_shortcut [gammafunk_gauntlet_arena_split_x,
          gammafunk_gauntlet_arena_grid, nicolae_gauntlet_arena_flowing_pool,
          nicolae_gauntlet_arena_quarters, gammafunk_gauntlet_arena_crates,
          gammafunk_gauntlet_arena_split_diamond, gauntlet_exit_green]

Skill      XL: |  1  2  3  4  5  6  7  8  9 10 11 |
---------------+----------------------------------+-----
Short Blades   | 2 3 4 5 6 8 10 11 | 11.5
Fighting       | 3 |  3.4
Dodging        | 1 2 3 |  3.3
Shields        | 3 4 |  4.3
Armour         | 3 |  3.3
Stealth        | 5 6 7 |  7.6
Invocations    | 4 8 |  8.0

Action                     |  1- 3 |  4- 6 |  7- 9 | 10-12 || total
---------------------------+-------+-------+-------+-------++-------
  Melee: Rapier            |   109 |   117 |   339 |   218 ||   783
         Bite              |    32 |    30 |    88 |    73 ||   223
  Throw: Stone             |       |     2 |       |       ||     2
         Dart              |       |       |     4 |       ||     4
  Evoke: Wand              |       |       |       |     3 ||     3
    Use: Scroll            |       |    11 |     7 |     1 ||    19
         Potion            |       |       |       |     1 ||     1
   Stab: Sleeping          |       |       |     4 |    11 ||    15
         Paralysed         |       |       |     6 |    10 ||    16
 Armour: Scale mail        |    54 |    29 |       |       ||    83
         Leather armour    |       |    25 |   116 |    61 ||   202
         Ring mail         |       |       |       |     6 ||     6
  Dodge: Dodged            |    68 |    83 |   209 |   134 ||   494
  Block: Buckler           |    26 |    23 |    78 |    68 ||   195

Table legend: (Time is in decaauts)
 A = Elapsed time spent in this place.
 B = Non-inter-level travel time spent in this place.
 C = Inter-level travel time spent in this place.
 D = Time resting spent in this place.
 E = Time spent auto-exploring this place.
 F = Levels seen in this place.
 G = Mean time per level.
                   A        B        C        D        E       F      G
               +--------+--------+--------+--------+--------+-----+--------+
         Total |   8988 |   8199 |    789 |    491 |   5118 |  13 |  691.4 |
       Dungeon |   8714 |   7937 |    777 |    491 |   4966 |  11 |  792.2 |
        Temple |     27 |     15 |     12 |      0 |      0 |   1 |   27.0 |
      Gauntlet |    246 |    246 |      0 |      0 |    152 |   1 |  246.0 |
               +--------+--------+--------+--------+--------+-----+--------+

Top non-repeatable levels by time:
     D:6: 1389 daAuts
     D:7: 1082 daAuts
     D:5: 1002 daAuts
     D:8: 954 daAuts
    D:10: 897 daAuts
     D:4: 757 daAuts
     D:3: 751 daAuts
     D:2: 679 daAuts
     D:9: 592 daAuts
     D:1: 577 daAuts
Gauntlet: 246 daAuts
    D:11: 30 daAuts
  Temple: 27 daAuts
